 Dungeon Crawl Stone Soup version 0.16-a0-3308-g116f5c4 (console) character file.

226521 firestarter the Devastator (level 18, -15/147 HPs)
             Began as a Demonspawn Fire Elementalist on Dec 25, 2014.
             Was the Champion of Vehumet.
             Demolished by an azure jelly (31 damage)
             ... on level 6 of the Pits of Slime on Dec 26, 2014.
             The game lasted 03:12:20 (21027 turns).

firestarter the Devastator (DsFE)                  Turns: 21027, Time: 03:12:20

Health: -15/147    AC:  3    Str: 10    XL:     18   Next: 21%
Magic:  13/34      EV: 20    Int: 29    God:    Vehumet [******]
Gold:   1965       SH:  0    Dex: 20    Spells: 9 memorised, 14 levels left

rFire  + + .     SeeInvis .     a - +7 war axe "Stuowy" {distort, rC+ Int+4}
rCold  . . .     Clarity  .     P - +0 troll leather armour
rNeg   + . .     SustAb   .     (no shield)
rPois  +         Gourm    .     d - +0 hat
rElec  .         Spirit   .     L - +0 cloak
rCorr  .         Warding  .     (gloves unavailable)
rMut   +         Stasis   .     (no boots)
MR     +....                    j - amulet of resist mutation
Stlth  +++.......               r - ring of fire
                                M - ring of poison resistance

@: about to teleport, delayed fireball, somewhat resistant to hostile
enchantments, fairly stealthy
A: claws 3, thin skeletal structure 3, clever 1, deformed body, fire resistance
1, ignite blood, low mp 1, mutation resistance 1, negative energy resistance 1,
powered by pain 2, robust 1, 50% torment resistance, flame cloud immunity
a: Renounce Religion, Release Delayed Fireball
}: 2/15 runes: decaying, gossamer


You were on level 6 of the Pits of Slime.
You worshipped Vehumet.
Vehumet was exalted by your worship.
You were very full.

You visited 6 branches of the dungeon, and saw 36 of its levels.
You also visited: Ossuary, Bailey and Volcano.

You collected 2305 gold pieces.
You spent 340 gold pieces at shops.

Inventory:

Hand weapons
 a - the +7 war axe "Stuowy" (weapon) {distort, rC+ Int+4}
   (You found it on level 4 of the Dungeon)

   It warps and distorts space around it.
   Unwielding it can cause banishment or high damage.
   It affects your intelligence (+4).
   It protects you from cold.
 o - a +2 eveningstar of holy wrath
 q - a +0 dagger of distortion
Missiles
 k - 12 curare-tipped needles
Armour
 d - a +0 hat (worn)
 L - a +0 cloak (worn)
 P - a +0 troll leather armour (worn)
Magical staves
 Q - an uncursed staff of energy
Jewellery
 i - an uncursed ring of flight
 j - an amulet of resist mutation (around neck)
 r - a ring of fire (right claw)
 x - an uncursed ring of protection from magic
 E - an uncursed ring of sustain abilities
 I - an uncursed ring of see invisible
 M - a ring of poison resistance (left claw)
 N - an uncursed ring of magical power
 S - an uncursed ring of protection from fire
 V - an uncursed ring of ice
 X - an uncursed amulet of regeneration
Magical devices
 z - a wand of disintegration (10)
 F - a wand of teleportation (5)
 K - a wand of fire (2)
Scrolls
 g - 3 scrolls of enchant armour
 p - 9 scrolls of enchant weapon
 v - a scroll of magic mapping
 y - 3 scrolls of fog
 D - 16 scrolls of remove curse
 O - 8 scrolls of summoning
 U - 3 scrolls of recharging
 Z - 9 scrolls of identify
Potions
 e - 9 potions of resistance
 f - 6 potions of restore abilities
 l - 4 potions of brilliance
 m - 2 potions of cure mutation
 n - a potion of heal wounds
 u - 2 potions of agility
 w - 9 potions of ambrosia
 A - a potion of magic
 H - 4 potions of curing
 W - 3 potions of might
 Y - 3 potions of haste
Books
 b - a book of the Dragon

   Spells                             Type                      Level
   a - Flight                         Charms/Air                   3
   b - Cause Fear                     Hexes                        4
   c - Bolt of Fire                   Conjuration/Fire             6
   d - Dragon Form                    Transmutation                7
   e - Dragon's Call                  Summoning                    9
 G - Roxanne's Grimoire of Stones
   (You took it off Roxanne on level 5 of the Spider Nest)

   Spells                             Type                      Level
   a - Leda's Liquefaction            Hexes/Earth                  4
   b - Statue Form                    Transmutation/Earth          6
   c - Shatter                        Earth                        9
 J - a book of the Warp

   Spells                             Type                      Level
   a - Recall                         Summoning/Translocation      3
   b - Control Teleport               Charms/Translocation         4
   c - Force Lance                    Conjuration/Translocation    4
   d - Phase Shift                    Translocation                5
   e - Warp Weapon                    Charms/Translocation         5
   f - Summon Forest                  Summoning/Translocation      5
   g - Gell's Gravitas                Hexes/Translocation          6
 T - an Akashic Record {highlevel}

   This book is beyond your current level of understanding.

   Spells                             Type                      Level
   a - Dispersal                      Translocation                6
   b - Controlled Blink               Translocation                7
   c - Malign Gateway                 Summoning/Translocation      7
   d - Disjunction                    Translocation                8
   e - Singularity                    Translocation                9
Miscellaneous
 h - a crystal ball of energy
Comestibles
 c - 12 bread rations
 B - 9 meat rations
 C - a fruit


   Skills:
 - Level 10.0 Fighting
 - Level 10.0 Dodging
 - Level 2.0 Stealth
 * Level 13.7 Spellcasting
 * Level 16.5 Conjurations
 - Level 10.0 Necromancy
 * Level 15.8 Fire Magic


You had 14 spell levels left.
You knew the following spells:

 Your Spells              Type           Power        Failure   Level  Hunger
a - Ignite Poison         Fire/Trmt      #######...   1%          5    #......
b - Fireball              Conj/Fire      ########..   1%          5    #......
c - Conjure Flame         Conj/Fire      ########     0%          3    None
d - Sticky Flame          Conj/Fire      ########     1%          4    None
e - Stone Arrow           Conj/Erth      ######       1%          3    None
f - Summon Butterflies    Summ           ###.....     2%          1    None
g - Dispel Undead         Necr           ######..     1%          5    #......
z - Sublimation of Blood  Necr           ######....   1%          2    None
F - Delayed Fireball      Conj/Fire      N/A          1%          7    ######.


Dungeon Overview and Level Annotations

Branches:
Dungeon (11/15)            Temple (1/1) D:4            Lair (8/8) D:11
  Swamp (5/5) Lair:4       Spider (5/5) Lair:5        Slime (6/6) Lair:7
    Orc: D:9-12

Altars:
Ashenzari
Dithmenos
Elyvilon
Fedhas
Gozag
Kikubaaqudgha
Nemelex Xobeh
Okawaru
Qazlal
Ru
Sif Muna
Trog
Vehumet
Xom
Yredelemnul
Zin
The Shining One

Shops:
D:5 }   D:7 [


Innate Abilities, Weirdness & Mutations

You have claws for hands.
You have an unnaturally thin skeletal structure (Dex +6, Stealth++).
Your flesh is heat resistant.
Your demonic aura causes spilled blood to erupt in flames.
You resist negative energy.
You sometimes gain power by taking damage.
You are somewhat able to resist unholy torments (1 in 2 success).
You are immune to clouds of flame.
Your mind is acute. (Int +2)
Armour fits poorly on your strangely shaped body.
Your magical capacity is low (-10% MP).
You are somewhat resistant to further mutation.
You are robust (+10% HP).


Message History

The great orb of eyes gazes at you. You resist with some effort.
An azure jelly comes into view.
Unknown command.
Read which item? (? for menu, Esc to quit)
As you read the scroll of teleportation, it crumbles to dust.
You feel strangely unstable. The azure jelly hits you.
The azure jelly freezes you!!
* * * LOW HITPOINT WARNING * * *
You focus on the pain.
You feel your power returning. The azure jelly closely misses you.
The azure jelly hits you.
* * * LOW HITPOINT WARNING * * *
The azure jelly hits you.
* * * LOW HITPOINT WARNING * * *
The great orb of eyes gazes at you. You resist with some effort.
The azure jelly closely misses you. The azure jelly hits you!
* * * LOW HITPOINT WARNING * * *
The azure jelly freezes you!!
You die...

,,,,,,,,,........................
,,,,,,...........................
,,,,,............................
,,,,...........JJ................
,,,......................<..#,***
,,,.........................#**
,,,.........................#
,,..............GJ.........##
,,J.............@.........##
,*J......................##
**,.....................##
**###.........#.....####
###......######## ####.### ###


You could see 2 azure jellies, a great orb of eyes and a jelly.

Vanquished Creatures
  Norris (Swamp:3)
  11 acid blobs
  Rupert (Swamp:3)
  A thorn hunter (Swamp:4)
  Frances (Swamp:3)
  Roxanne (Spider:5)
  The ghost of anything the Severer, a mighty HOMo of Beogh (Swamp:5)
  An azure jelly (Slime:6)
  Donald (Swamp:3)
  Wiglaf (Spider:3)
  3 ghost moths (Spider:5)
  Aizul (Spider:2)
  5 emperor scorpions
  Jorgrun (Spider:2)
  Snorg (Lair:7)
  4 ice dragons (Swamp:5)
  A great orb of eyes (Slime:6)
  9 hydras
  A naga warrior (Lair:5)
  4 ghost crabs
  12 alligators
  4 death yaks (Lair:8)
  A deep troll shaman (Lair:8)
  2 spriggans
  2 catoblepae (Lair:8)
  3 skeletal warriors (D:11)
  A fire crab (Lair:7)
  A shambling mangrove (Swamp:4)
  A hill giant (D:11)
  2 orc knights (Bailey)
  5 swamp dragons
  32 wolf spiders
  5 red wasps
  A cyclops (D:11)
  3 shining eyes
  21 orb spiders
  3 oklob plants (Lair:3)
  A wizard (D:9)
  2 moths of wrath (Spider:5)
  18 elephants
  An ugly thing (D:11)
  5 black mambas
  Joseph (D:8)
  A molten gargoyle (Volcano)
  A gargoyle (Volcano)
  3 eyes of devastation
  A spectral spriggan (Swamp:2)
  9 komodo dragons
  8 demonic crawlers
  2 centaur skeletons (D:11)
  2 trolls
  17 spiny frogs
  18 jumping spiders
  4 fire drakes
  Sonja (D:11)
  4 freezing wraiths (Swamp:5)
  27 blink frogs
  A fire vortex (Volcano)
  8 giant leeches
  Prince Ribbit (D:8)
  2 boulder beetles
  A wandering mushroom (Lair:8)
  6 baby alligators
  9 bog bodies
  9 ravens
  12 redbacks
  15 trapdoor spiders
  12 tarantellas
  2 basilisks
  57 slime creatures
  5 shadows
  A wraith (D:10)
  A wyvern (Lair:2)
  Eustachio (D:8)
  A deep elf mage (D:11)
  10 hippogriffs
  20 yaks
  23 vampire mosquitoes
  A deep elf fighter (D:11)
  A fire elemental (Volcano)
  2 golden eyes (Slime:2)
  20 wolves
  12 insubstantial wisps
  A neqoxec (Swamp:3)
  2 swamp worm simulacra (Swamp:5)
  8 porcupines
  28 swamp worms
  13 hydra simulacra (Swamp:5)
  5 nagas (Lair:5)
  8 swamp drakes
  7 spiders
  26 water moccasins
  4 eyes of draining
  12 orc warriors
  5 yellow wasps
  A phantom (D:6)
  2 black bears (Lair:8)
  7 ogres
  13 crocodiles
  3 big kobolds
  3 boring beetles
  Blork the orc (D:6)
  16 giant frogs
  2 spectral water moccasins (Swamp:2)
  5 water moccasin zombies (Ossuary)
  A wyvern skeleton (D:10)
  4 scorpions
  A water moccasin skeleton (D:8)
  9 wights
  A spectral brain worm (Swamp:2)
  8 electric eels
  A lava snake (D:10)
  3 killer bees (D:10)
  2 giant frog zombies
  2 goliath beetles
  2 orc priests
  4 crimson imps
  3 giant frog skeletons
  7 hounds
  25 jellies
  4 orc wizards
  5 iguanas
  13 sheep
  3 worker ants
  A big kobold zombie (Ossuary)
  A hound skeleton (D:5)
  2 mummies (Ossuary)
  A worker ant zombie (D:6)
  22 adders
  12 gnolls
  13 river rats
  A shadow imp (D:11)
  A giant mite (D:2)
  2 worms (D:3)
  6 swamp drake simulacra (Swamp:5)
  3 adder skeletons
  3 adder zombies (Ossuary)
  A spectral giant mite (Swamp:2)
  6 giant geckos
  5 oozes
  48 orcs
  2 ball pythons (D:4)
  16 bats
  A bat skeleton (D:8)
  A bat zombie (D:5)
  4 giant cockroaches
  46 goblins
  24 hobgoblins
  8 jackals
  12 quokkas
  A giant gecko skeleton (D:6)
  5 giant newts
  A giant spore (D:10)
  3 gnoll zombies (Ossuary)
  6 hobgoblin zombies (Ossuary)
  10 kobolds
  3 kobold zombies (Ossuary)
  7 orc zombies (Ossuary)
  23 rats
  4 ballistomycetes (D:10)
  4 bushes
  8 fungi
  10 plants
1105 creatures vanquished.

Vanquished Creatures (others)
  An orb spider (Spider:2)
  A spiny frog (Swamp:2)
  A slime creature (Slime:5)
  A spriggan (Swamp:5)
  3 vampire mosquitoes
  A porcupine (Lair:7)
  An insubstantial wisp (Swamp:2)
  A yellow wasp (Swamp:5)
  2 giant frogs
  A goliath beetle (Spider:1)
  A jelly (Slime:1)
  A river rat (Lair:2)
  A hobgoblin (D:10)
  A quokka (D:10)
  A kobold (D:7)
  A rat (D:11)
  3 fungi (D:11)
  6 plants
28 creatures vanquished.

Grand Total: 1133 creatures vanquished

Notes
Turn   | Place    | Note
--------------------------------------------------------------
     0 | D:1      | firestarter, the Demonspawn Fire Elementalist, began the quest for the Orb.
     0 | D:1      | Reached XP level 1. HP: 13/13 MP: 3/3
   253 | D:1      | Gained mutation: You have a somewhat thin skeletal structure (Dex +2, Stealth). [demonic ancestry]
   253 | D:1      | Reached XP level 2. HP: 15/20 MP: 1/4
   556 | D:2      | Reached skill level 1 in Fighting
   560 | D:2      | Found a basalt altar of Yredelemnul.
   570 | D:2      | Reached skill level 3 in Fire Magic
   570 | D:2      | Gained mutation: Your flesh is heat resistant. [demonic ancestry]
   570 | D:2      | Reached XP level 3. HP: 13/26 MP: 4/6
   676 | D:2      | Learned a level 3 spell: Conjure Flame
   801 | D:2      | Found a shadowy altar of Dithmenos.
  1126 | D:3      | Reached XP level 4. HP: 28/32 MP: 4/7
  1267 | D:3      | Noticed a scorpion
  1302 | D:3      | Killed a scorpion
  1306 | D:3      | Gained mutation: You sometimes gain a little power by taking damage. [demonic ancestry]
  1306 | D:3      | Reached XP level 5. HP: 11/38 MP: 0/9
  1604 | D:4      | Found a sand-covered staircase.
  1612 | Ossuary  | Entered an ossuary
  1714 | Ossuary  | Gained mutation: You have a moderately thin skeletal structure (Dex +4, Stealth+). [demonic ancestry]
  1714 | Ossuary  | Reached XP level 6. HP: 11/44 MP: 2/11
  1806 | Ossuary  | Reached skill level 4 in Fire Magic
  2054 | D:4      | Found a staircase to the Ecumenical Temple.
  2060 | Temple   | Entered the Ecumenical Temple
  2152 | Temple   | Became a worshipper of Vehumet
  2321 | D:4      | Got a scorched war axe
  2322 | D:4      | Identified the +7 war axe "Stuowy" {distort, rC+ Int+4} (You found it on level 4 of the Dungeon)
  2378 | D:4      | Reached XP level 7. HP: 51/51 MP: 10/13
  2421 | D:4      | Learned a level 4 spell: Sticky Flame
  2541 | D:5      | Entered Level 5 of the Dungeon
  2871 | D:5      | Found Twozor's Quality Used Wands.
  2902 | D:5      | Bought a wand of teleportation (0) for 132 gold pieces
  2991 | D:5      | Acquired Vehumet's first power
  2991 | D:5      | Offered knowledge of Sandblast by Vehumet.
  3155 | D:5      | Reached skill level 5 in Fire Magic
  3171 | D:5      | Reached skill level 5 in Conjurations
  3171 | D:5      | Offered knowledge of Freeze by Vehumet.
  3192 | D:5      | Gained mutation: You have sharp fingernails. [demonic ancestry]
  3192 | D:5      | Reached XP level 8. HP: 7/58 MP: 15/17
  3687 | D:6      | Offered knowledge of Stone Arrow by Vehumet.
  3709 | D:6      | Learned a level 3 spell: Stone Arrow
  4001 | D:6      | Noticed Blork the orc
  4020 | D:6      | Killed Blork the orc
  4026 | D:6      | Reached skill level 6 in Conjurations
  4287 | D:7      | Found a deep blue altar of Sif Muna.
  4320 | D:6      | Found an iron altar of Okawaru.
  4502 | D:7      | Gained mutation: You have very sharp fingernails. [demonic ancestry]
  4502 | D:7      | Reached XP level 9. HP: 45/65 MP: 20/20
  4530 | D:7      | Acquired Vehumet's second power
  4562 | D:7      | Found Soguxaps' Antique Armour Boutique.
  4567 | D:7      | Bought a cloak for 144 gold pieces
  4567 | D:7      | Bought a glowing leather armour for 64 gold pieces
  4625 | D:8      | Noticed Eustachio
  4633 | D:8      | Learned a level 5 spell: Fireball
  4639 | D:8      | Killed Eustachio
  4747 | D:8      | Found a shattered altar of Ashenzari.
  4849 | D:8      | Noticed Joseph
  4861 | D:8      | Killed Joseph
  4861 | D:8      | Reached skill level 5 in Spellcasting
  4861 | D:8      | Reached skill level 7 in Conjurations
  4902 | D:8      | Offered knowledge of Mephitic Cloud by Vehumet.
  4904 | D:8      | Noticed Prince Ribbit
  4906 | D:8      | Killed Prince Ribbit
  4978 | D:8      | Reached skill level 5 in Fighting
  4978 | D:8      | Reached skill level 5 in Dodging
  5111 | D:8      | Found a stormy altar of Qazlal.
  5232 | D:9      | Found a flagged portal.
  5274 | D:9      | Gained mutation: You sometimes gain power by taking damage. [demonic ancestry]
  5274 | D:9      | Reached XP level 10. HP: 62/74 MP: 15/22
  5419 | Bailey   | Entered a bailey
  5423 | Bailey   | Acquired Vehumet's third power
  5473 | Bailey   | Offered knowledge of Static Discharge by Vehumet.
  5533 | Bailey   | Noticed an orc knight
  5533 | Bailey   | Noticed an orc knight
  5605 | Bailey   | Killed an orc knight
  5605 | Bailey   | Reached skill level 8 in Conjurations
  5683 | Bailey   | Killed an orc knight
  5884 | D:9      | Noticed an eight-headed hydra
  5993 | D:9      | Noticed a wizard
  6008 | D:9      | Killed a wizard
  6026 | D:9      | Learned a level 2 spell: Sublimation of Blood
  6165 | D:9      | Gained mutation: You are somewhat resistant to further mutation. [potion of mutation]
  6165 | D:9      | Gained mutation: Your mind is acute. (Int +2) [potion of mutation]
  6165 | D:9      | Gained mutation: You are robust (+10% HP). [potion of mutation]
  6218 | D:10     | Entered Level 10 of the Dungeon
  6887 | D:11     | Noticed a skeletal warrior
  6887 | D:11     | Noticed a skeletal warrior
  6887 | D:11     | Noticed a white ugly thing
  6889 | D:11     | Noticed a skeletal warrior
  6922 | D:11     | Reached skill level 9 in Conjurations
  7019 | D:11     | Killed a white ugly thing
  7019 | D:11     | Gained mutation: You have an unnaturally thin skeletal structure (Dex +6, Stealth++). [demonic ancestry]
  7019 | D:11     | Reached XP level 11. HP: 89/89 MP: 21/25
  7055 | D:11     | Offered knowledge of Ignite Poison by Vehumet.
  7062 | D:11     | Noticed a skeletal warrior
  7115 | D:11     | Killed a skeletal warrior
  7206 | D:11     | Banished a skeletal warrior
  7206 | D:11     | Reached skill level 1 in Necromancy
  7234 | D:11     | Learned a level 5 spell: Ignite Poison
  7340 | D:11     | Noticed a hill giant
  7346 | D:11     | Killed a hill giant
  7376 | D:11     | Noticed a cyclops
  7380 | D:11     | Killed a cyclops
  7396 | D:11     | Noticed Sonja
  7504 | D:11     | Killed Sonja
  7727 | D:11     | Noticed a skeletal warrior
  7792 | D:11     | Killed a skeletal warrior
  7800 | D:11     | Killed a skeletal warrior
  7857 | D:11     | Found a staircase to the Lair.
  7885 | Lair:1   | Entered Level 1 of the Lair of Beasts
  7950 | Lair:1   | Reached skill level 10 in Conjurations
  8242 | Lair:1   | Learned a level 1 spell: Summon Butterflies
  8427 | Lair:2   | Reached skill level 10 in Fire Magic
  8459 | Lair:2   | Found a dark tunnel.
  8467 | Volcano  | Entered a volcano
  8485 | Volcano  | Gained mutation: You resist negative energy. [demonic ancestry]
  8485 | Volcano  | Reached XP level 12. HP: 94/100 MP: 20/27
  8971 | Lair:2   | Offered knowledge of Airstrike by Vehumet.
  9430 | Lair:3   | Reached skill level 11 in Conjurations
  9773 | Lair:4   | Reached skill level 5 in Necromancy
  9881 | Lair:4   | Found a staircase to the Swamp.
 10206 | Lair:5   | Found a staircase to the Snake Pit.
 10206 | Lair:5   | Noticed a naga warrior
 10259 | Lair:5   | Killed a naga warrior
 10350 | Lair:5   | Found a hole to the Spider Nest.
 10369 | Lair:5   | Gained mutation: You are somewhat able to resist unholy torments (1 in 2 success). [demonic ancestry]
 10369 | Lair:5   | Reached XP level 13. HP: 104/107 MP: 18/28
 10698 | Lair:5   | Offered knowledge of Conjure Ball Lightning by Vehumet.
 10993 | Lair:6   | Reached skill level 12 in Conjurations
 11559 | Lair:7   | Noticed Snorg
 11571 | Lair:7   | Killed Snorg
 11603 | Lair:7   | Reached skill level 13 in Conjurations
 11603 | Lair:7   | Gained mutation: You are immune to clouds of flame. [demonic ancestry]
 11603 | Lair:7   | Reached XP level 14. HP: 85/115 MP: 28/30
 11812 | Lair:7   | Found a staircase to the Slime Pits.
 12041 | Lair:8   | Entered Level 8 of the Lair of Beasts
 12381 | Lair:8   | Offered knowledge of Ozocubu's Refrigeration by Vehumet.
 12490 | Lair:8   | Gained mutation: Your demonic aura causes spilled blood to erupt in flames. [demonic ancestry]
 12490 | Lair:8   | Reached XP level 15. HP: 109/123 MP: 10/32
 13099 | Swamp:1  | Entered Level 1 of the Swamp
 13608 | Swamp:1  | Offered knowledge of Delayed Fireball by Vehumet.
 13618 | Swamp:1  | Learned a level 7 spell: Delayed Fireball
 13693 | Swamp:2  | Reached skill level 10 in Spellcasting
 14302 | Swamp:2  | Got an ancient scale mail
 14329 | Swamp:2  | Identified the +1 scale mail "Zoanohax" {Int+3} (You found it on level 2 of the Swamp)
 14360 | Swamp:3  | Reached skill level 14 in Conjurations
 14361 | Swamp:3  | Noticed Rupert
 14422 | Swamp:3  | Noticed Donald
 14579 | Swamp:3  | Donald can swim
 14587 | Swamp:3  | Noticed Norris
 14588 | Swamp:3  | Killed Donald
 14711 | Swamp:3  | Paralysed by Norris for 6 turns
 14718 | Swamp:3  | Killed Norris
 14893 | Swamp:3  | Killed Rupert
 15105 | Swamp:3  | Gained mutation: You have claws for hands. [demonic ancestry]
 15105 | Swamp:3  | Reached XP level 16. HP: 76/132 MP: 22/34
 15106 | Swamp:3  | Noticed Frances
 15209 | Swamp:3  | Killed Frances
 15732 | Swamp:5  | Entered Level 5 of the Swamp
 15906 | Swamp:5  | Noticed anything's ghost (mighty HOMo)
 15946 | Swamp:5  | Learned a level 5 spell: Dispel Undead
 16064 | Swamp:5  | Killed anything's ghost
 16098 | Swamp:5  | Reached skill level 10 in Fighting
 16347 | Swamp:5  | Offered knowledge of Poison Arrow by Vehumet.
 16567 | Swamp:5  | Got a decaying rune of Zot
 16813 | Spider:1 | Entered Level 1 of the Spider Nest
 17291 | Spider:2 | Reached skill level 10 in Dodging
 17403 | Spider:2 | Reached skill level 15 in Conjurations
 17560 | Spider:2 | Offered knowledge of Bolt of Cold by Vehumet.
 17938 | Spider:3 | Noticed Wiglaf
 17946 | Spider:3 | Killed Wiglaf
 18015 | Spider:3 | Reached XP level 17. HP: 140/140 MP: 7/36
 18085 | Spider:3 | You fall through a shaft!
 18377 | Spider:4 | Reached skill level 10 in Necromancy
 18599 | Spider:5 | Entered Level 5 of the Spider Nest
 18692 | Spider:5 | Noticed Roxanne
 18907 | Spider:5 | HP: 6/140 [tarantella (11)]
 19178 | Spider:5 | Offered knowledge of Glaciate by Vehumet.
 19178 | Spider:5 | Offered knowledge of Shatter by Vehumet.
 19178 | Spider:5 | Offered knowledge of Tornado by Vehumet.
 19178 | Spider:5 | Reached skill level 15 in Fire Magic
 19186 | Spider:5 | Upgraded the game from 0.16-a0-3300-g0332368 to 0.16-a0-3308-g116f5c4
 19395 | Spider:5 | Got a gossamer rune of Zot
 19582 | Spider:5 | Killed Roxanne
 19587 | Spider:5 | Identified Roxanne's Grimoire of Stones (You took it off Roxanne on level 5 of the Spider Nest)
 19783 | Spider:3 | Identified a scroll of acquirement
 19786 | Spider:3 | Got a twisted cloak
 19797 | Spider:3 | Identified the +0 cloak of Kikubaaqudgha's Envy {Str-4 Int+2 Curse} (You acquired it on level 3 of the Spider Nest)
 19817 | Spider:2 | Noticed Aizul
 19823 | Spider:2 | Noticed Jorgrun
 19824 | Spider:2 | Killed Aizul
 19909 | Spider:2 | Killed Jorgrun
 20049 | Slime:1  | Entered Level 1 of the Pits of Slime
 20072 | Slime:1  | Gained mutation: Armour fits poorly on your strangely shaped body. [a shining eye]
 20089 | Slime:1  | HP: 6/140 [acid blob (35)]
 20247 | Slime:2  | Reached skill level 16 in Conjurations
 20567 | Slime:3  | Reached XP level 18. HP: 50/147 MP: 22/37
 20581 | Slime:3  | Gained mutation: Your magical capacity is low (-10% MP). [a shining eye]
 20981 | Slime:6  | Entered Level 6 of the Pits of Slime
 21027 | Slime:6  | Demolished by an azure jelly

Action                   |  1- 3 |  4- 6 |  7- 9 | 10-12 | 13-15 | 16-18 || total
-------------------------+-------+-------+-------+-------+-------+-------++-------
Melee: Mace              |    37 |       |       |       |       |       ||    37
       Long sword        |    39 |    64 |       |       |       |       ||   103
       War axe           |       |     4 |   197 |   295 |   268 |   126 ||   890
Throw: Stone             |       |     2 |     1 |       |       |       ||     3
       Javelin           |       |       |    22 |       |       |       ||    22
 Cast: Flame Tongue      |    47 |    48 |    68 |     8 |       |       ||   171
       Conjure Flame     |       |     7 |    10 |    13 |    14 |       ||    44
       Fireball          |       |       |    12 |   149 |   309 |   342 ||   812
       Sticky Flame      |       |       |     5 |     7 |     8 |       ||    20
       Stone Arrow       |       |       |       |    32 |    28 |    20 ||    80
       Sublimation of Bl |       |       |       |    20 |    94 |   145 ||   259
       Delayed Fireball  |       |       |       |       |     2 |       ||     2
       Ignite Poison     |       |       |       |       |       |   226 ||   226
       Dispel Undead     |       |       |       |       |       |     3 ||     3
 Abil: Release Delayed F |       |       |       |       |     1 |       ||     1
Evoke: Wand              |       |       |     5 |     1 |     3 |     3 ||    12
  Use: Scroll            |       |    10 |     9 |    15 |    14 |    18 ||    66
       Potion            |       |     4 |     4 |     2 |     9 |    14 ||    33
 Stab: Sleeping          |     1 |     2 |     9 |     6 |     4 |     4 ||    26
       Distracted        |       |       |       |     2 |       |       ||     2
  Eat: Chunk             |     1 |     1 |    13 |    35 |    51 |    41 ||   142
       Fruit             |       |     5 |     2 |     4 |     5 |    32 ||    48
       Pizza             |       |       |       |     1 |       |     1 ||     2
       Beef jerky        |       |       |       |     4 |     2 |       ||     6
       Royal jelly       |       |       |       |     3 |     1 |       ||     4
       Bread ration      |       |       |       |       |     1 |     1 ||     2
